AoeStats
← Karamazov

Arabia

510679072Analyzed
1v1 RM · 18h ago on Oct 2, 2026· 46m 15s· 2 players
Game mode
Random Map
Map size
Tiny (2 player)
Population
200
Speed
Normal
Resources
Standard
Victory
Conquest
Starting age
Dark Age
Ending age
Imperial Age
RankedLock teamsTeams togetherTeam positionsShared explorationLock speedFull tech treeHidden civsTurbo modeCheats
Victory
Defeat
🇧🇷 Varangians · Brazil
1295
+17
🇨🇴 Magyars · Colombia
1306
-17
Karamazov
6:06 Loom
8:38 Feudal Age
9:07 Double-Bit Axe
13:27 Bloodlines
21:58 Castle Age
22:07 Horse Collar
22:43 Forging
23:43 Bow Saw
26:45 Wheelbarrow
29:16 Pikeman
29:42 Gambesons
31:04 Scale Mail Armor
32:28 Chain Mail Armor
36:54 Iron Casting
41:19 Imperial Age
39:33 Hand Cart
40:08 Squires
41:43 Heavy Plow
42:35 Plate Mail Armor
42:30 Conscription
42:06 Elite Varangian Guard
King_Gato
6:40 Loom
9:43 Feudal Age
14:59 Town Watch
18:17 Double-Bit Axe
22:04 Castle Age
22:11 Bloodlines
22:28 Gold Mining
22:52 Husbandry
26:41 Scale Barding Armor
28:51 Husbandry
30:06 Wheelbarrow
31:29 Bow Saw
33:19 Chain Barding Armor
34:44 Scale Mail Armor
39:00 Imperial Age
36:16 Pikeman
37:32 Scale Mail Armor
39:37 Chain Mail Armor
39:23 Halberdier
41:27 Horse Collar
41:44 Cavalier
44:36 Conscription
Connection lost

Rejoining the realm…

Still unreachable

The connection could not be restored.

Session expired

The server has moved on; the page needs a fresh start.